 Dungeon Crawl Stone Soup version 0.29.1-15-g9cfb28693d (webtiles) character file.

Game seed: 15719390106649135736

4712 EarthwalkerPL the Fighter (level 10, -14/91 HPs)
             Began as a Minotaur Fighter on Apr 9, 2023.
             Was an Elder of Okawaru.
             Demolished by a red ugly thing (19 damage)
             ... on level 9 of the Dungeon.
             The game lasted 00:16:15 (9324 turns).

EarthwalkerPL the Fighter (Minotaur Fighter)        Turns: 9324, Time: 00:16:16

Health: -14/91     AC: 16    Str: 26    XL:     10   Next: 22%
Magic:  11/11      EV: 19    Int:  5    God:    Okawaru [****..]
Gold:   467        SH:  5    Dex:  9    Spells: 9/9 levels left

rFire   . . .      SeeInvis .   a - +0 war axe
rCold   . . .      Faith    .   c - +0 buckler
rNeg    . . .      Spirit   .   V - +2 swamp dragon scales
rPois   +          Reflect  .   (helmet restricted)
rElec   .          Harm     .   I - +0 cloak
rCorr   .          Rampage  .   (no gloves)
Will    .....                   Y - +2 pair of boots
Stlth   ..........              (no amulet)
HPRegen 0.25/turn               g - +4 ring of evasion
MPRegen 0.12/turn               y - +4 ring of evasion

@: no status effects
A: horns 2, retaliatory headbutt
a: Renounce Religion, Heroism, Finesse


You were on level 9 of the Dungeon.
You worshipped Okawaru.
Okawaru was greatly pleased with you.
You visited 2 branches of the dungeon, and saw 10 of its levels.
You also visited: Sewer and Ossuary.

You collected 631 gold pieces.
You spent 164 gold pieces at shops.

Inventory:

Hand Weapons
 a - a +0 war axe (weapon)
 R - a +2 demon blade of flaming
Missiles
 o - 15 poisoned darts
 B - 6 boomerangs (quivered)
 D - 4 atropa-tipped darts
 N - 4 silver javelins
 T - a curare-tipped dart
Armour
 b - a +0 scale mail
 c - a +0 buckler (worn)
 j - a scarf of invisibility
 A - +0 storm dragon scales
 I - a +0 cloak (worn)
 V - +2 swamp dragon scales (worn)
 Y - a +2 pair of boots (worn)
Jewellery
 g - a +4 ring of evasion (left hand)
 l - a ring of wizardry
 q - an amulet of magic regeneration
 y - a +4 ring of evasion (right hand)
 C - a ring of see invisible
 K - a ring of flight
 Q - a +6 ring of dexterity
 W - an amulet of reflection
Wands
 s - a wand of flame (25)
 v - a wand of roots (9)
 M - a wand of mindburst (20)
 S - a wand of polymorph (7)
Scrolls
 e - 3 scrolls of blinking
 h - a scroll of brand weapon
 k - 6 scrolls of enchant weapon
 m - 6 scrolls of teleportation
 p - 2 scrolls of vulnerability
 w - 2 scrolls of noise
 x - a scroll of summoning
 F - 3 scrolls of butterflies
 G - 3 scrolls of fear
 J - a scroll of immolation
 U - a scroll of amnesia
Potions
 d - a potion of might
 f - 2 potions of brilliance
 i - 3 potions of curing
 n - 2 potions of invisibility {unknown}
 r - 3 potions of cancellation
 t - 5 potions of lignification
 u - 2 potions of attraction {unknown}
 z - 3 potions of flight {unknown}
 E - 3 potions of magic {unknown}
 H - 2 potions of heal wounds {unknown}
 L - a potion of haste {unknown}
 O - 3 potions of mutation {unknown}
 P - 4 potions of degeneration {unknown}
 X - a potion of resistance {unknown}


   Skills:
 * Level 9.1 Fighting
 * Level 8.5 Axes
 + Level 3.7 Throwing
 * Level 9.0 Armour
 + Level 3.9 Dodging
 + Level 7.0 Shields
 + Level 3.6 Invocations
 + Level 3.2 Evocations


You had 9 spell levels left.
You didn't know any spells.
Your spell library contained the following spells:

 Spells                   Type           Power      Damage    Failure   Level
 Apportation              Tloc           0%         N/A       67%         1
 Necrotise                Necr           0%         1d4       67%         1
 Conjure Flame            Conj/Fire      0%         6-21      96%         3
 Ignite Poison            Fire/Tmut/Pois 0%         N/A       96%         3
 Sticky Flame             Conj/Fire      0%         2d3       100%        4
 Alistair's Intoxication  Tmut/Pois      0%         N/A       100%        5


Dungeon Overview and Level Annotations

Branches:
Dungeon (9/15)             Temple (1/1) D:4           Sewer (visited)
Ossuary (visited)
   Lair: D:8-11         Orc: D:9-12

Altars:
Ashenzari
Cheibriados
Dithmenos
Elyvilon
Fedhas
Gozag
Hepliaklqana
Kikubaaqudgha
Nemelex Xobeh
Okawaru
Qazlal
Ru
Sif Muna
Trog
Uskayaw
Vehumet
Wu Jian
Xom
Yredelemnul
The Shining One
Lugonu

Shops:
D:3 *   D:4 (   D:6 *


Innate Abilities, Weirdness & Mutations

You have a pair of horns on your head.
You reflexively headbutt those who attack you in melee.


Message History

You slash the red ugly thing!
Your headbutt misses the red ugly thing.
The red ugly thing is moderately wounded.
The red ugly thing pecks you.
You are engulfed in flames!
You barely miss the red ugly thing.
Your headbutt misses the red ugly thing.
The red ugly thing is moderately wounded.
The red ugly thing pecks you!
* * * LOW HITPOINT WARNING * * *
You are engulfed in flames!!
* * * LOW HITPOINT WARNING * * *
You hit the red ugly thing.
The red ugly thing is heavily wounded.
You block the red ugly thing's attack.
You hit the red ugly thing but do no damage.
The red ugly thing is moderately wounded.
The red ugly thing misses you.
You hit the red ugly thing but do no damage.
The red ugly thing is moderately wounded.
You block the red ugly thing's attack.
You hit the red ugly thing.
The red ugly thing is moderately wounded.
You block the red ugly thing's attack.
You closely miss the red ugly thing.
Your headbutt misses the red ugly thing.
The red ugly thing is moderately wounded.
You block the red ugly thing's attack.
You hit the red ugly thing but do no damage.
The red ugly thing is moderately wounded.
You block the red ugly thing's attack.
You closely miss the red ugly thing.
The red ugly thing is moderately wounded.
The red ugly thing barely misses you.
The red ugly thing pecks you but does no damage.
You closely miss the red ugly thing.
The red ugly thing is moderately wounded.
The red ugly thing pecks you.
* * * LOW HITPOINT WARNING * * *
You are engulfed in flames!!
You die...

#..#
#..#
#..#
#..#
#..#
#..#
#..#
#.@#
#.u#
#..#
#...
#...
#..##
#..#
#..#


You could see a red ugly thing.

Vanquished Creatures
  A two-headed ogre (D:8)
  Maurice (D:8)
  Joseph (D:8)
  Maggie (D:8)
  Grinder (D:6)
  Edmund (D:5)
  A steam dragon (D:6)
  A water moccasin (D:4)
  2 orc warriors
  A sky beast (D:7)
  A black bear (D:5)
  2 ice beasts
  A centaur (D:8)
  A phantom (D:6)
  2 kobold brigands
  4 bullfrogs
  A gnoll sergeant (D:7)
  2 scorpions
  4 howler monkeys (D:8)
  A human zombie (Ossuary)
  3 orc priests
  2 jellies
  2 gnoll boudas
  5 hounds
  Ijyb (D:3)
  Terence (D:3)
  6 iguanas
  6 orc wizards
  2 mummies (Ossuary)
  Robin (D:3)
  11 adders
  12 gnolls
  A shadow imp (D:6)
  4 white imps
  2 ufetubi (D:5)
  An adder zombie (Ossuary)
  4 worms
  5 dart slugs
  17 orcs
  8 ball pythons
  5 endoplasms
  11 giant cockroaches
  8 hobgoblins
  6 jackals
  10 quokkas
  10 bats
  9 frilled lizards
  13 goblins
  2 goblin zombies (Ossuary)
  11 hobgoblin zombies (Ossuary)
  4 jackal zombies (Ossuary)
  13 kobolds
  9 kobold zombies (Ossuary)
  8 orc zombies (Ossuary)
  7 rats
  A rat zombie (Ossuary)
251 creatures vanquished.

Vanquished Creatures (others)
  2 demonic plants (Temple)
  A plant (D:9)
3 creatures vanquished.

Grand Total: 254 creatures vanquished

Notes
Turn   | Place    | Note
-------+----------+-------------------------------------------
     0 | D:1      | EarthwalkerPL the Minotaur Fighter began the quest for the
                  | Orb.
     0 | D:1      | Reached XP level 1. HP: 19/19 MP: 0/0
    90 | D:1      | Reached XP level 2. HP: 27/27 MP: 1/1
   310 | D:1      | Reached XP level 3. HP: 33/33 MP: 2/2
  1005 | D:2      | You fall into a shaft and drop 1 floor!
  1556 | D:3      | Reached XP level 4. HP: 41/41 MP: 3/3
  1563 | D:3      | Noticed Ijyb
  1573 | D:3      | Killed Ijyb
  1925 | D:3      | Noticed Robin
  1937 | D:3      | Killed Robin
  2275 | D:3      | Noticed Terence
  2280 | D:3      | Killed Terence
  2281 | D:3      | Reached XP level 5. HP: 27/47 MP: 4/4
  2580 | D:3      | Reached skill level 5 in Armour
  2584 | D:3      | Found Idgher's Assorted Antiques.
  2593 | D:3      | Bought a scroll labelled JIRUABE LANOY for 26 gold pieces
  2593 | D:3      | Bought a scroll labelled NEPAGIG KAADD for 26 gold pieces
  2593 | D:3      | Bought a scroll labelled FANEEFIOME for 26 gold pieces
  2593 | D:3      | Bought a scroll labelled NEPAGIG KAADD for 26 gold pieces
  2802 | D:4      | Found an ornate altar of the Wu Jian Council.
  2830 | D:4      | Reached skill level 5 in Fighting
  2917 | D:4      | Found a glowing drain.
  2941 | Sewer    | Entered a sewer
  3076 | Sewer    | Reached XP level 6. HP: 56/56 MP: 5/5
  3191 | D:4      | Reached skill level 5 in Axes
  3351 | D:4      | Found a staircase to the Ecumenical Temple.
  3360 | Temple   | Entered the Ecumenical Temple
  3395 | Temple   | Became a worshipper of Warmaster Okawaru
  3446 | D:4      | Noticed a water moccasin
  3454 | D:4      | Killed a water moccasin
  3455 | D:4      | Reached skill level 5 in Shields
  3455 | D:4      | Reached XP level 7. HP: 62/63 MP: 6/6
  3587 | D:4      | Identified the +9 short sword of Patad {flame, rN+ SInv}
  3648 | D:4      | Found Yfap's Weapon Shop.
  3885 | D:5      | Entered Level 5 of the Dungeon
  3893 | D:5      | Reached * piety under Okawaru
  3907 | D:5      | Reached skill level 1 in Invocations
  4096 | D:5      | Reached skill level 1 in Throwing
  4096 | D:5      | Reached skill level 1 in Dodging
  4105 | D:5      | Reached skill level 1 in Evocations
  4118 | D:5      | Reached XP level 8. HP: 47/71 MP: 7/7
  4399 | D:5      | Found a sacrificial altar of Ru.
  4399 | D:5      | Found a shadowy altar of Dithmenos.
  4399 | D:5      | Found a hide-covered altar of Uskayaw.
  4418 | D:5      | Found a shimmering altar of Xom.
  4543 | D:5      | Noticed Edmund
  4564 | D:5      | Killed Edmund
  5104 | D:5      | Found a glowing golden altar of the Shining One.
  5280 | D:6      | Found Onaf's General Store.
  5293 | D:6      | Bought a scroll of identify for 20 gold pieces
  5293 | D:6      | Bought a scroll of identify for 20 gold pieces
  5293 | D:6      | Bought a scroll of identify for 20 gold pieces
  5430 | D:6      | Noticed Grinder
  5448 | D:6      | Killed Grinder
  5448 | D:6      | Reached ** piety under Okawaru
  5494 | D:6      | Found a basalt altar of Yredelemnul.
  5617 | D:6      | Found a sand-covered staircase.
  5627 | Ossuary  | Entered an ossuary
  6311 | D:6      | Reached XP level 9. HP: 76/80 MP: 9/9
  7888 | D:8      | Noticed a two-headed ogre
  7896 | D:8      | Killed a two-headed ogre
  7896 | D:8      | Reached *** piety under Okawaru
  8399 | D:8      | Noticed Maggie
  8413 | D:8      | Killed Maggie
  8413 | D:8      | Reached **** piety under Okawaru
  8545 | D:8      | Found a hazy altar of Hepliaklqana.
  8617 | D:8      | Reached XP level 10. HP: 90/90 MP: 11/11
  8744 | D:8      | Noticed Joseph
  8767 | D:8      | Killed Joseph
  9095 | D:8      | Found an ancient bone altar of Kikubaaqudgha.
  9118 | D:8      | Found a radiant altar of Vehumet.
  9124 | D:8      | Found a shimmering blue altar of Sif Muna.
  9128 | D:8      | Got Kikubaaqudgha's Almanac of Necromancy
  9170 | D:8      | Noticed Maurice
  9198 | D:8      | Killed Maurice
  9198 | D:8      | Received a gift from Okawaru
  9308 | D:9      | Noticed a red ugly thing
  9316 | D:9      | HP: 4/91 [red ugly thing (20)]
  9324 | D:9      | Demolished by a red ugly thing

Illustrated notes

Levels and vault maps discovered:
D:1:      saegor_arrival_simple_d, layout_loops_ring
D:2:      layout_loops_cross, corner_web_ring
D:3:      layout_loops_ring, serial_shops, nicolae_diamond_shop, uniq_ijyb,
          uniq_robin, uniq_terence
D:4:      layout_basic, old_standard_altar, minmay_temple_entry_purple_smoke,
          gup_sewer_entry_glass, serial_shops,
          nicolae_shop_bloodbath_and_beyond, kennysheep_generic_room_11
D:5:      layout_cave_pods, kennysheep_mini, grunt_temple_overflow_cloverleaf,
          uniq_edmund
D:6:      layout_basic, old_standard_altar, chequers_ossuary_entry_cave,
          serial_shops, shop, uniq_grinder
D:7:      layout_layer_cave
D:8:      layout_basic, grunt_temple_overflow_magic_moments,
          nzn_hepliaklqana_mist_gate, serial_curves, eino_curves_04,
          eino_curves_04, item_on_display_a, uniq_maurice, uniq_joseph,
          uniq_maggie
D:9:      layout_long_grid, mainiacjoe_overflow_cross_hatched,
          minmay_lair_entry_grove
Temple:   corrupted_temple

Skill      XL: |  1  2  3  4  5  6  7  8  9 10 |
---------------+-------------------------------+-----
Fighting       | 4 5 6 7 8 9 |  9.1
Armour         | 4 5 6 7 8 9 |  9.0
Axes           | 3 4 5 7 8 |  8.5
Shields        | 4 5 6 7 |  7.0
Invocations    | 1 2 3 |  3.6
Throwing       | 1 2 3 |  3.7
Dodging        | 1 2 3 |  3.9
Evocations     | 1 2 3 |  3.2

Action                   |  1- 3 |  4- 6 |  7- 9 | 10-12 || total
-------------------------+-------+-------+-------+-------++-------
Melee: War axe           |    90 |   141 |   331 |    53 ||   615
       Headbutt          |    11 |    22 |    59 |     5 ||    97
Throw: Dart              |       |       |     4 |    17 ||    21
       Boomerang         |       |       |       |     4 ||     4
  Use: Scroll            |       |       |    10 |     3 ||    13
Armor: Scale mail        |    46 |    30 |       |       ||    76
       Storm dragon scal |       |    17 |   113 |       ||   130
       Swamp dragon scal |       |       |       |    10 ||    10
Dodge: Dodged            |    72 |   125 |   273 |    25 ||   495
Block: Buckler           |    26 |    32 |    63 |    11 ||   132
